 Dungeon Crawl Stone Soup version 0.27-a0-1200-g94dc6ad4cf (webtiles) character file.

Game seed: 11892707082276441157

2993 Kinoniko the Carver (level 9, -14/80 HPs)
             Began as a Demonspawn Berserker on June 1, 2021.
             Was a Priest of Trog.
             Hit by a large rock thrown by a cyclops (19 damage)
             ... on level 7 of the Dungeon.
             The game lasted 00:09:34 (8135 turns).

Kinoniko the Carver (Demonspawn Berserker)          Turns: 8135, Time: 00:09:35

Health: -14/80     AC: 15    Str: 20    XL:     9   Next: 54%
Magic:  0/18       EV:  8    Int: 10    God:    Trog [***...]
Gold:   310        SH:  5    Dex: 18    Spells: 8/8 levels left

rFire    + . .     SeeInvis .   a - +0 falchion
rCold    + . .     Faith    .   (no shield)
rNeg     . . .     Spirit   +   h - +0 chain mail
rPois    +         Reflect  +   d - +2 helmet
rElec    +         Harm     .   l - scarf {+Inv}
rCorr    +         Rampage  .   (no gloves)
Will     ++...                  v - +0 pair of boots
Stlth    ..........             y - amulet of reflection
HPRegen  1.23/turn              u - ring of magical power
MPRegen  0.32/turn              x - +6 ring of dexterity

@: mighty, brilliant, lethally poisoned (-14 -> -14), resistant, strong-willed
(expiring), on berserk cooldown, very slightly contaminated, regenerating
(expiring), hasted and slowed, studying Fighting, invisible
A: claws 1, rugged brown scales 3, magic shield, magic regeneration
a: Renounce Religion, Evoke Invisibility, Berserk, Trog's Hand


You were on level 7 of the Dungeon.
You worshipped Trog.
Trog was most pleased with you.
You visited 1 branch of the dungeon, and saw 7 of its levels.

You collected 310 gold pieces.

Inventory:

Hand Weapons
 a - a +0 falchion (weapon)
Armour
 d - a +2 helmet (worn)
 h - a +0 chain mail (worn)
 l - a scarf of invisibility (worn)
 v - a +0 pair of boots (worn)
Jewellery
 u - a ring of magical power (left claw)
 x - a +6 ring of dexterity (right claw)
 y - an amulet of reflection (around neck)
Wands
 p - a wand of flame (19)
Scrolls
 b - 2 scrolls of immolation
 c - 2 scrolls of magic mapping
 j - a scroll of summoning
 q - 3 scrolls of teleportation
 w - 3 scrolls of identify
 z - a scroll of fog {unknown}
 A - a scroll of enchant armour
Potions
 e - 2 potions of haste
 g - a potion of lignification {unknown}
 k - a potion of invisibility
 n - a potion of berserk rage
 o - a potion of flight {unknown}
 s - a potion of curing
 t - 2 potions of magic {unknown}


   Skills:
 + Level 8.7 Fighting
 * Level 11.2 Long Blades
 - Level 1.7 Armour
 - Level 1.7 Dodging


You had 8 spell levels left.
You didn't know any spells.
Your spell library contained the following spells:

 Spells                   Type           Power      Damage    Failure   Level
 Foxfire                  Conj/Fire      0%         2x1d4     99%         1
 Conjure Flame            Conj/Fire      0%         6-21      100%        3
 Inner Flame              Hex/Fire       0%         N/A       100%        3
 Sticky Flame             Conj/Fire      0%         2d3       100%        4
 Fireball                 Conj/Fire      0%         3d3       100%        5


Dungeon Overview and Level Annotations

Branches:
Dungeon (7/15)             Temple (0/1) D:4

Altars:
Ashenzari
Fedhas
Kikubaaqudgha
Nemelex Xobeh
Uskayaw
Vehumet
Xom

Annotations:
D:5 2 transporters
D:7 exclusion: statue


Innate Abilities, Weirdness & Mutations

You have sharp fingernails.
You are completely covered in rugged brown scales. (AC +3, +7% HP)
When hurt, damage is shared between your health and your magic reserves.
You regenerate magic rapidly.


Message History

You catch the helpless hornet completely off-guard!
You hit the hornet.
The hornet is lightly wounded.
The hornet stings you.
You are poisoned.
You feel as though you will be slow longer.
A magic dart appears from out of thin air!
The magic dart hits the steam dragon.
The hornet completely misses you.
The steam dragon hisses angrily.
It was a potion of haste.
You feel yourself speed up.
You feel very sick. You block the hornet's attack.
It was a potion of brilliance.
You feel clever all of a sudden.
You feel sick. The hornet stings you!
* * * LOW HITPOINT WARNING * * *
You suddenly lose the ability to move!
A sky beast appears from thin air!
Reactivating autopickup.
The hornet barely misses you.
You feel the effects of Trog's Hand fading.
You feel sick.
The hornet stings you but does no damage.
The cyclops throws a large rock.
The large rock hits the hornet!!
You can move again.
Unknown command.
Okay, then.
It was a potion of might.
You feel very mighty all of a sudden.
You feel sick. The hornet stings you.
* * * LOW HITPOINT WARNING * * *
You shrug off the repeated paralysis!
The hornet stings you!
* * * LOW HITPOINT WARNING * * *
You feel as though you will be slow longer.
It was a potion of resistance.
You feel protected.
You feel sick.
The hornet stings you but does no damage.
The cyclops throws a large rock.
The large rock misses the hornet.
The large rock hits you!!
You die...

#......###.##.##..# #)# #
#.#######..#...#..####.# ##.##
####.###..##....#.# #####...#
#....#.#...#..#.#.#
#.....#.###.#.##...#.##.#.#.#
#.............#.......#...#.#
#.#.####.###.##.##....##....#
#.#.# #..#..#..##..#..#....#
###.#.#####...##@#....#..##..##
........# #..##y####### #.##.##
###.###.# #.##CD# ..#..# #.#
#.###.##{## .##.##
#.###.##..#Y#o #..#
#.....##.##K #e ##.##
###.#.###..#.. #. #..#
.......##.##.# .# ##.#
.##.#.....#.. .# #..


You could see a cyclops, a hornet, a steam dragon, a sky beast and a kobold.

Vanquished Creatures
  Pikel (D:4)
  A cyclops (D:7)
  A slime creature (D:7)
  Sigmund (D:5)
  4 vampire mosquitoes (D:7)
  An ice beast (D:6)
  A sky beast (D:7)
  A black bear (D:2)
  Blork the orc (D:5)
  3 bullfrogs
  A wyvern zombie (D:6)
  3 killer bees (D:7)
  A hound (D:5)
  A gnoll shaman (D:7)
  3 jellies (D:7)
  A centaur skeleton (D:7)
  3 iguanas
  3 orc wizards (D:7)
  A killer bee zombie (D:7)
  Robin (D:1)
  8 adders
  7 gnolls
  4 white imps
  An ufetubus (D:7)
  2 worms
  3 dart slugs
  5 orcs
  4 endoplasms
  6 giant cockroaches
  13 goblins
  10 hobgoblins
  7 jackals
  7 quokkas
  5 ball pythons
  4 bats
  5 frilled lizards
  12 kobolds
  5 rats
141 creatures vanquished.

Vanquished Creatures (others)
  A sky beast (D:7)
  A kobold (D:7)
2 creatures vanquished.

Grand Total: 143 creatures vanquished

Notes
Turn   | Place    | Note
-------+----------+-------------------------------------------
     0 | D:1      | Kinoniko the Demonspawn Berserker began the quest for the
                  | Orb.
     0 | D:1      | Reached XP level 1. HP: 18/18 MP: 1/1
    51 | D:1      | Reached skill level 3 in Long Blades
   231 | D:1      | Gained mutation: You are partially covered in rugged brown
                  | scales. (AC +1, +3% HP) [demonic ancestry]
   231 | D:1      | Reached XP level 2. HP: 7/24 MP: 2/2
   963 | D:1      | Reached ** piety under Trog
  1074 | D:2      | Noticed Robin
  1382 | D:1      | Gained mutation: You regenerate magic rapidly. [demonic
                  | ancestry]
  1382 | D:1      | Reached XP level 3. HP: 27/29 MP: 3/3
  1428 | D:2      | Reached skill level 4 in Long Blades
  1443 | D:1      | Killed Robin
  1627 | D:2      | Found a faded altar of an unknown god.
  1750 | D:2      | Found a shimmering altar of Xom.
  1799 | D:2      | Gained mutation: You are mostly covered in rugged brown
                  | scales. (AC +2, +5% HP) [demonic ancestry]
  1799 | D:2      | Reached XP level 4. HP: 31/36 MP: 4/4
  2081 | D:2      | Noticed a black bear
  2093 | D:2      | Killed a black bear
  2094 | D:2      | Reached skill level 5 in Long Blades
  2094 | D:2      | Reached XP level 5. HP: 43/43 MP: 5/5
  2697 | D:3      | Found an ancient bone altar of Kikubaaqudgha.
  2815 | D:3      | Found a sparkling altar of Nemelex Xobeh.
  2936 | D:3      | Reached *** piety under Trog
  3567 | D:4      | Noticed a lemure
  3568 | D:4      | Noticed Pikel
  3569 | D:4      | Noticed a lemure
  3569 | D:4      | Noticed a lemure
  3570 | D:4      | Noticed a lemure
  3600 | D:4      | Killed Pikel
  3601 | D:4      | Reached skill level 7 in Long Blades
  3601 | D:4      | Reached XP level 6. HP: 16/49 MP: 6/6
  3601 | D:4      | Gained mutation: When hurt, damage is shared between your
                  | health and your magic reserves. [demonic ancestry]
  3601 | D:4      | Reached XP level 7. HP: 17/54 MP: 7/7
  3878 | D:4      | Found a broken altar of Ashenzari.
  4058 | D:4      | Found a staircase to the Ecumenical Temple.
  4143 | D:4      | Reached skill level 8 in Long Blades
  4454 | D:5      | Entered Level 5 of the Dungeon
  4472 | D:5      | Found a hide-covered altar of Uskayaw.
  4716 | D:5      | Noticed Sigmund
  4727 | D:5      | Killed Sigmund
  4896 | D:5      | Identified a scroll of acquirement
  4896 | D:5      | Acquired a manual of Fighting
  5114 | D:5      | Noticed Blork the orc
  5120 | D:5      | Killed Blork the orc
  5171 | D:5      | Noticed a yak
  5173 | D:5      | Found a transporter.
  5173 | D:5      | Found a transporter.
  5194 | D:5      | Found a blossoming altar of Fedhas.
  5249 | D:5      | Gained mutation: You are completely covered in rugged brown
                  | scales. (AC +3, +7% HP) [demonic ancestry]
  5249 | D:5      | Reached XP level 8. HP: 54/62 MP: 8/8
  5425 | D:6      | Reached skill level 9 in Long Blades
  6361 | D:6      | Reached skill level 5 in Fighting
  6913 | D:7      | Reached skill level 10 in Long Blades
  6921 | D:7      | Gained mutation: You have sharp fingernails. [demonic
                  | ancestry]
  6921 | D:7      | Reached XP level 9. HP: 75/75 MP: 9/9
  7893 | D:7      | Found a radiant altar of Vehumet.
  8078 | D:7      | Noticed a cyclops
  8091 | D:7      | Killed a cyclops
  8091 | D:7      | Noticed a cyclops
  8092 | D:7      | Reached skill level 11 in Long Blades
  8120 | D:7      | Noticed a deep elf pyromancer
  8124 | D:7      | Paralysed by a hornet for 3 turns
  8132 | D:7      | Paralysed by a hornet for 2 turns
  8135 | D:7      | Hit by a large rock thrown by a cyclops

Illustrated notes

Levels and vault maps discovered:
D:1:      sevenhm_arrival_forest_fort_small_5, layout_basic
D:2:      layout_rooms, hellmonk_ecumenical_altar_arch_garden, basic_altar,
          uniq_robin
D:3:      layout_basic, lemuel_tele_altar, general_overflow_altar,
          chequers_jeans, minivault_14
D:4:      layout_basic, nicolae_ashenzari_skybound,
          minmay_temple_entry_purple_smoke, uniq_pikel
D:5:      layout_cave_pools, gammafunk_temple_overflow_arena,
          lemuel_crystal_altar, uniq_blork_the_orc, uniq_sigmund
D:6:      layout_cave_pods
D:7:      minmay_the_grid_triangle_9x9_recursive_2
          [minmay_the_grid_triangle_9x9_prize_top_heavy,
          minmay_the_grid_triangle_9x9_semitri,
          minmay_the_grid_triangle_9x9_subtriangle,
          minmay_the_grid_triangle_9x9_swiss_cheese], layout_loops_ring,
          vehumet_statue, minmay_misc_feat_alley

Skill      XL: |  1  2  3  4  5  6  7  8  9 |
---------------+----------------------------+-----
Long Blades    | 3 4 5 7 8 10 11 | 11.2
Fighting       | 6 8 |  8.7
Armour         | |  1.7
Dodging        | |  1.7

Action                   |  1- 3 |  4- 6 |  7- 9 || total
-------------------------+-------+-------+-------++-------
Melee: Falchion          |   131 |   134 |   413 ||   678
Invok: Berserk           |     6 |     4 |    11 ||    21
       Trog's Hand       |       |       |     1 ||     1
  Use: Scroll            |       |     5 |     5 ||    10
       Potion            |       |     2 |    10 ||    12
 Stab: Sleeping          |     1 |       |       ||     1
       Invisible         |       |       |     3 ||     3
Armor: Animal skin       |    19 |       |       ||    19
       Chain mail        |   100 |    96 |   221 ||   417
Dodge: Dodged            |    81 |    54 |   133 ||   268
Block: Other             |       |       |    36 ||    36
       Rpst.: Falchion   |    30 |    17 |    36 ||    83

Table legend: (Time is in decaauts)
 A = Elapsed time spent in this place.
 B = Non-inter-level travel time spent in this place.
 C = Inter-level travel time spent in this place.
 D = Time resting spent in this place.
 E = Time spent auto-exploring this place.
 F = Levels seen in this place.
 G = Mean time per level.
                   A        B        C        D        E       F      G
               +--------+--------+--------+--------+--------+-----+--------+
         Total |   8272 |   8107 |    165 |   2353 |   4622 |   7 | 1181.7 |
       Dungeon |   8272 |   8107 |    165 |   2353 |   4622 |   7 | 1181.7 |
               +--------+--------+--------+--------+--------+-----+--------+

Top non-repeatable levels by time:
     D:7: 1678 daAuts
     D:1: 1571 daAuts
     D:4: 1146 daAuts
     D:6: 1049 daAuts
     D:3: 1036 daAuts
     D:5: 964 daAuts
     D:2: 826 daAuts
